Map: Alcyone LE

Players

Applepi - Winner!

  • Race: Zerg Zerg
  • League: Bronze
  • Spawn Location: 1:00

A.I. 1 (Hard)

  • Race: Terran Terran
  • Spawn Location: 7:00

VOD

Have the link to the VOD?

Description

Time

  • Played on: May 8, 2025, 12:40 p.m.
  • Length: 8:44
Show
View Real Time Build Order
Export as new Build Order

Applepi Zerg - Winner!

Build Orders: Pool First 

Get SALT Encoding   

  12  0:06  Drone  
  13  0:13  Overlord  
  13  0:17  Drone  
  14  0:32  Drone  
  15  0:36  Extractor  
  14  0:44  Drone  
  14  0:46  Spawning Pool  
  14  0:48  Drone  
  15  0:55  Drone  
  16  1:05  Drone  
  17  1:14  Drone  
  18  1:27  Hatchery  
  17  1:34  Overlord  
  17  1:41  Zergling x2  
  17  1:46  Drone  
  19  1:53  Queen  
  21  1:58  Drone  
  22  2:13  Drone  
  23  2:19  Drone  
  24  2:29  Queen, Drone  
  27  2:43  Drone x2  
  29  2:46  Queen  
  31  2:57  Drone x2  
  33  3:08  Lair  
  33  3:19  Evolution Chamber, Drone  
  33  3:21  Queen, Roach Warren  
  33  3:22  Drone x2  
  33  3:26  Overlord  
  36  3:37  Overlord x2  
  36  3:47  Overlord  
  36  4:05  Roach x7  
  50  4:15  Drone x3  
  53  4:17  Drone x2  
  55  4:25  Zerg Missile Weapons Level 1  
  55  4:37  Glial Reconstitution  
  55  4:48  Extractor  
  54  4:53  Drone  
  54  4:54  Roach  
  57  5:01  Overlord x2  
  57  5:11  Drone x2  
  57  5:13  Drone x2  
  57  5:14  Drone  
  62  5:21  Roach x3  
  68  5:34  Drone x2  
  70  5:39  Roach x2  
  70  5:40  Roach  
  76  5:48  Drone x4  
  76  5:49  Drone  
  82  5:50  Drone  
  82  5:52  Hatchery  
  81  5:58  Roach  
  83  6:06  Overlord x2  
  83  6:17  Metabolic Boost  
  83  6:19  Zerg Melee Weapons Level 1  
  85  6:25  Roach  
  85  6:26  Roach x2  
  85  6:27  Roach  
  85  6:29  Roach x2  
  96  6:32  Drone  
  96  6:33  Drone  
  96  6:34  Overlord  
  96  6:35  Overlord  
  97  6:55  Roach x4  
  97  6:56  Roach  
  107  7:05  Drone x2  
  107  7:06  Drone x2  
  107  7:07  Drone  
  112  7:11  Queen  
  112  7:15  Roach x3  
  114  7:31  Roach  
  114  7:32  Roach x3  
  122  7:39  Overlord x2  
  122  7:54  Queen  
  122  7:56  Overlord x2  
  122  8:03  Roach x8  
  136  8:13  Overlord x2  
  150  8:38  Extractor  
Show
View Real Time Build Order
Export as new Build Order

A.I. 1 (Hard) Terran 

Build Orders:  

Get SALT Encoding   

  12  0:00  SCV  
  13  0:13  SCV  
  14  0:18  Supply Depot  
  14  0:25  SCV  
  15  0:40  SCV  
  15  0:41  Barracks  
  16  0:49  Refinery  
  16  0:52  SCV  
  18  1:04  SCV  
  18  1:16  SCV  
  19  1:22  Supply Depot  
  19  1:29  SCV  
  19  1:30  Marine  
  21  1:40  Barracks  
  21  1:41  Orbital Command  
  21  1:48  Barracks Tech Lab, Refinery  
  21  2:04  Factory  
  21  2:07  Marine  
  22  2:20  Supply Depot  
  22  2:24  Marine  
  23  2:30  Marine  
  24  2:43  Marauder  
  26  2:52  Supply Depot, Hellion  
  28  3:02  Marine  
  29  3:13  Marine  
  30  3:24  Marine  
  31  3:27  Supply Depot  
  31  3:35  Marine, SCV  
  33  3:46  Hellion  
  33  3:47  SCV  
  36  3:49  Engineering Bay  
  36  3:57  Marauder  
  36  3:59  SCV  
  39  4:08  Hellion  
  41  4:11  SCV  
  41  4:16  Supply Depot  
  42  4:23  SCV  
  43  4:29  Hellion  
  45  4:36  SCV  
  46  4:50  Hellion  
  48  5:12  Hellion  
  50  6:44  Barracks Tech Lab, Marauder, Stimpack  
  50  6:45  Factory, Factory Tech Lab  
  52  6:47  Starport  
  52  6:51  Starport  
  52  6:52  Command Center, Supply Depot  
  52  6:54  Missile Turret  
  52  6:55  Missile Turret  
  52  6:59  Sensor Tower  
  52  7:01  Concussive Shells  
  52  7:02  Barracks  
  52  7:05  Marine  
  52  7:06  Reaper, Armory  
  54  7:16  Bunker  
  54  7:18  Supply Depot  
  40  7:23  Marine  
  40  7:25  Starport Tech Lab  
  40  7:28  Starport Tech Lab  
  31  7:30  Factory Tech Lab  
  31  7:38  Marine  
  31  7:41  Marine  
  32  7:47  Raven x2  
  32  7:49  Marine  
  33  7:59  Marine  
  33  8:02  Marauder  
  33  8:08  Barracks Reactor  
  33  8:11  Hellion, SCV  
  25  8:13  SCV  
  25  8:15  Hellion  
  22  8:23  SCV  
  22  8:25  SCV  
Tags
 
League
Bronze
Matchup
TvZ
Opening
Pool First
Spawn Locations
Cross Positions
Add a new tag
Caveats
  • Supply blocks, unpowered buildings, or Contaminate may cause inaccurate times.
  • Supply counts are checked every 10 seconds.